 Dungeon Crawl Stone Soup version 0.30-b1-2-g02819fbbbe (webtiles) character file.

Game seed: 8274186723121784008

4428 Alarkh the Martial Artist (level 10, 64/71 HPs)
             Began as a Demonspawn Transmuter on July 6, 2023.
             Was a Follower of Uskayaw.
             Got out of the dungeon alive.
             The game lasted 00:09:32 (6564 turns).

Alarkh the Martial Artist (Demonspawn Transmuter)   Turns: 6564, Time: 00:09:33

Health: 64/71      AC:  9    Str: 10    XL:     10   Next: 14%
Magic:  13/13      EV: 14    Int: 20    God:    Uskayaw [*.....]
Gold:   237        SH:  0    Dex: 19    Spells: 12/13 levels left

rFire   . .          .
                       - Unarmed
rCold   . . .        (no shield)
rNeg    . . .        a - +0 robe
rPois   .            (no helmet)
rElec   .            (no cloak)
rCorr   .            H - +0 pair of gloves
SInv    +            r - +2 pair of boots
Will    .....        (no amulet)
Stlth   ++           B - +6 ring of dexterity
HPRegen 0.31/turn    i - ring of see invisible
MPRegen 0.26/turn

%: no passive effects
@: no status effects
A: foul stench 1, magic regeneration, sharp scales 3
a: Renounce Religion, Stomp


You escaped.
You worshipped Uskayaw.
Uskayaw was noncommittal.
You visited 2 branches of the dungeon, and saw 8 of its levels.
You also visited: Bailey.

You collected 237 gold pieces.

Inventory:

Hand Weapons
 b - the +5 sling of Umyr {flame, Fly Dex-2 SInv}
   (You took it off an orc on level 3 of the Dungeon)

   Dex:       It affects your dexterity (-2).
   SInv:      It lets you see invisible.
   Fly:       It grants you flight.
 F - the +8 mace "Ziafoc" {flame, +Blink rElec rF- Stlth-}
   (You took it off an orc on level 5 of the Dungeon)

   rF:        It makes you vulnerable to fire.
   rElec:     It insulates you from electricity.
   +Blink:    It lets you blink.
   Stlth:     It makes you less stealthy.
Armour
 a - a +0 robe (worn)
 r - a +2 pair of boots (worn)
 H - a +0 pair of gloves (worn)
Magical Staves
 e - a staff of fire
Jewellery
 h - a ring of flight
 i - a ring of see invisible (right hand)
 p - a +6 ring of intelligence
 B - a +6 ring of dexterity (left hand)
 G - a ring of poison resistance
Wands
 o - a wand of mindburst (12)
 w - a wand of flame (2)
 D - a wand of roots (17)
 E - a wand of paralysis (3)
Scrolls
 c - a scroll of noise {unknown}
 j - 2 scrolls of fog {unknown}
 q - a scroll of brand weapon {unknown}
 s - 4 scrolls of enchant weapon
 t - a scroll of vulnerability {unknown}
 u - 2 scrolls of poison
 y - a scroll of summoning {unknown}
 A - 2 scrolls of blinking {unknown}
 C - 2 scrolls of teleportation
 I - a scroll of enchant armour {unknown}
 J - a scroll of magic mapping {unknown}
Potions
 d - a potion of flight
 f - a potion of might
 g - 4 potions of curing
 k - 2 potions of attraction
 l - a potion of cancellation
 m - 3 potions of heal wounds
 n - a potion of brilliance
 v - a potion of resistance
 x - a potion of haste
 z - a potion of mutation {unknown}


   Skills:
 + Level 3.6 Fighting
 + Level 3.7 Dodging
 * Level 12.5 Unarmed Combat
 - Level 2.0 Spellcasting
 - Level 1.7 Transmutations
 + Level 4.5 Invocations


You had 12 spell levels left.
You knew the following spells:

 Your Spells              Type           Power      Damage    Failure   Level
a - Beastly Appendage     Tmut           18%        N/A       8%          1

Your spell library contained the following spells:

 Spells                   Type           Power      Damage    Failure   Level
 Wereblood                Tmut           9%         N/A       12%         2
 Apportation              Tloc           4%         N/A       16%         1
 Necrotise                Necr           8%         1d4       16%         1
 Blink                    Tloc           4%         N/A       24%         2
 Cigotuvi's Dreadful Rot  Necr/Pois/Air  4%         N/A       24%         2
 Lesser Beckoning         Tloc           4%         N/A       24%         2
 Momentum Strike          Conj/Tloc      4%         3d8       24%         2
 Poisonous Vapours        Pois/Air       4%         N/A       24%         2
 Spider Form              Tmut/Pois      5%         N/A       32%         3
 Ignite Poison            Fire/Tmut/Pois 4%         N/A       36%         3
 Call Canine Familiar     Summ           2%         N/A       43%         3
 Mephitic Cloud           Conj/Pois/Air  2%         N/A       43%         3
 Summon Guardian Golem    Hex/Summ       2%         N/A       43%         3
 Vampiric Draining        Necr           2%         2d6       43%         3
 Ice Form                 Ice/Tmut       5%         N/A       73%         4
 Summon Ice Beast         Ice/Summ       2%         N/A       83%         4
 Alistair's Intoxication  Tmut/Pois      3%         N/A       97%         5
 Agony                    Necr           2%         N/A       99%         5
 Freezing Cloud           Conj/Ice/Air   1%         6-21      99%         5
 Summon Mana Viper        Hex/Summ       2%         N/A       99%         5
 Haunt                    Necr/Summ      1%         N/A       100%        7
 Monstrous Menagerie      Summ           1%         N/A       100%        7


Dungeon Overview and Level Annotations

Branches:
Dungeon (7/15)             Temple (1/1) D:6          Bailey (visited)

Altars:
Ashenzari
Cheibriados
Dithmenos
Gozag
Hepliaklqana
Kikubaaqudgha
Makhleb
Okawaru
Ru
Sif Muna
Trog
Uskayaw
Vehumet
Wu Jian
Xom
Yredelemnul

Shops:
D:6 [

Annotations:
D:3 3 runed translucent doors, kwasso's ghost, amateur DsHW


Innate Abilities, Weirdness & Mutations

You may rarely emit foul miasma when damaged in melee.
You regenerate magic rapidly.
You are completely covered in razor-sharp scales. (AC +3, Slay +3)


Message History

The killer bee stings you but does no damage.
Uskayaw will force your foes to helplessly watch your dance.
Uskayaw prepares the audience for your solo!
The helpless killer bee fails to defend itself.
You punch the killer bee!
You kill the killer bee!
Things that are here:
a killer bee corpse; a killer bee corpse
(D) Dungeon (T) Temple
Where to? (Enter - D:7, ? - help)
Okay, then.
(D) Dungeon (T) Temple
Where to? (Enter - D:7, ? - help)
What level of the Dungeon? (default 1, ? - help)
There is a stone staircase leading up here.
You climb upwards.
There is a stone staircase leading down here.
There is a stone staircase leading up here.
You climb upwards.
There is a stone staircase leading down here.
There is a stone staircase leading up here.
You climb upwards.
There is a stone staircase leading down here.
Your extra speed is starting to run out.
You feel yourself slow down.
There is a stone staircase leading up here.
You climb upwards.
Level annotation: 3 runed translucent doors, kwasso's ghost, amateur DsHW
There is a stone staircase leading down here.
There is a stone staircase leading up here.
You climb upwards.
There is a stone staircase leading down here.
HP restored.
There is a stone staircase leading up here.
You climb upwards.
There is a stone staircase leading down here.
There is an open door here.
There is a staircase leading out of the dungeon here.
Are you sure you want to leave the Dungeon?
This will make you lose the game!
You have escaped!

######## #......# #......#
###########......# ######
####................) #....#
#....#########......#
#....#####.##'## #......#
#..........#8.8# ########
#..........#♣@♣# #######
#..........♣♣♣♣ #......
###..........♣ #......
#............# #......
#............# #......
##.....####################......
.>...............................
#############........###.##......
#........# #.........


There were no monsters in sight!

Vanquished Creatures
  2 vault guards (Bailey)
  Prince Ribbit (Bailey)
  7 humans (Bailey)
  A sky beast (D:6)
  A black bear (D:4)
  An ogre (D:4)
  2 phantoms
  14 bullfrogs (Bailey)
  A gnoll sergeant (D:6)
  A scorpion (D:6)
  3 killer bees (D:7)
  4 jellies (D:6)
  An orc wizard (D:6)
  2 sleepcaps
  Terence (D:2)
  Robin (D:2)
  6 gnolls
  5 adders
  A shadow imp (D:6)
  An ufetubus (D:5)
  3 worms
  A dart slug (D:1)
  21 orcs
  4 ball pythons
  3 bats
  2 endoplasms
  A giant cockroach (D:4)
  25 goblins
  9 hobgoblins
  3 jackals (D:5)
  2 quokkas
  A frilled lizard (D:2)
  7 kobolds
  4 rats
142 creatures vanquished.

Notes
Turn   | Place    | Note
-------+----------+-------------------------------------------
     0 | D:1      | Alarkh the Demonspawn Transmuter began the quest for the
                  | Orb.
     0 | D:1      | Reached XP level 1. HP: 15/15 MP: 3/3
    23 | D:1      | Reached skill level 3 in Unarmed Combat
   267 | D:1      | Gained mutation: You are partially covered in razor-sharp
                  | scales. (AC +1, Slay +1) [demonic ancestry]
   267 | D:1      | Reached XP level 2. HP: 20/21 MP: 3/5
   480 | D:1      | Got the Octavo of the Flock
   789 | D:2      | Found a faded altar of an unknown god.
   859 | D:2      | Noticed Robin
   873 | D:2      | Killed Robin
   874 | D:2      | Gained mutation: You are mostly covered in razor-sharp
                  | scales. (AC +2, Slay +2) [demonic ancestry]
   874 | D:2      | Reached XP level 3. HP: 16/26 MP: 4/6
   878 | D:2      | Reached skill level 4 in Unarmed Combat
  1285 | D:2      | Noticed Terence
  1295 | D:2      | Killed Terence
  1296 | D:2      | Reached XP level 4. HP: 32/32 MP: 7/7
  1632 | D:3      | Found a runed translucent gate.
  1634 | D:3      | Found a runed translucent gate.
  1635 | D:3      | Found a runed translucent gate.
  1641 | D:3      | Found an opulent altar of Gozag.
  1644 | D:3      | Noticed kwasso's ghost (amateur DsHW)
  1644 | D:3      | Noticed a bullfrog
  1669 | D:3      | Identified the +5 sling of Umyr {flame, Fly Dex-2 SInv}
  1772 | D:3      | Found an ancient bone altar of Kikubaaqudgha.
  1790 | D:3      | Reached skill level 5 in Unarmed Combat
  2292 | D:4      | Gained mutation: You are completely covered in razor-sharp
                  | scales. (AC +3, Slay +3) [demonic ancestry]
  2292 | D:4      | Reached XP level 5. HP: 37/37 MP: 8/8
  2389 | D:4      | Noticed a black bear
  2642 | D:4      | Killed a black bear
  2643 | D:4      | Reached skill level 6 in Unarmed Combat
  2700 | D:4      | Reached XP level 6. HP: 43/43 MP: 9/9
  2959 | D:5      | Entered Level 5 of the Dungeon
  3146 | D:5      | Reached skill level 7 in Unarmed Combat
  3241 | D:5      | Found an ornate altar of the Wu Jian Council.
  3259 | D:5      | Identified the +8 mace "Ziafoc" {flame, +Blink rElec rF-
                  | Stlth-}
  3387 | D:5      | Identified the +0 chain mail of Rant {rC+}
  3613 | D:6      | Reached XP level 7. HP: 48/48 MP: 10/10
  3680 | D:6      | Reached skill level 8 in Unarmed Combat
  3717 | D:6      | Found Simiqyoch's Antique Armour Shop.
  4867 | D:6      | Found a staircase to the Ecumenical Temple.
  5084 | Temple   | Entered the Ecumenical Temple
  5312 | Temple   | Became a worshipper of Uskayaw the Reveller
  5384 | D:7      | Reached * piety under Uskayaw
  5386 | D:7      | Reached ** piety under Uskayaw
  5417 | D:7      | Found a flagged portal.
  5426 | Bailey   | Entered a bailey
  5429 | Bailey   | Noticed a human
  5443 | Bailey   | Killed a human
  5444 | Bailey   | Reached skill level 9 in Unarmed Combat
  5444 | Bailey   | Gained mutation: You may rarely emit foul miasma when
                  | damaged in melee. [demonic ancestry]
  5444 | Bailey   | Reached XP level 8. HP: 23/54 MP: 11/11
  5447 | Bailey   | Reached *** piety under Uskayaw
  5453 | Bailey   | Reached **** piety under Uskayaw
  5459 | Bailey   | Reached ***** piety under Uskayaw
  5461 | Bailey   | Reached skill level 10 in Unarmed Combat
  5595 | Bailey   | Reached skill level 11 in Unarmed Combat
  5602 | Bailey   | Reached ****** piety under Uskayaw
  5604 | Bailey   | Reached XP level 9. HP: 29/59 MP: 12/12
  5827 | Bailey   | Reached skill level 1 in Invocations
  6016 | Bailey   | Noticed a vault guard
  6016 | Bailey   | Noticed Prince Ribbit
  6030 | Bailey   | Killed a vault guard
  6031 | Bailey   | Reached skill level 12 in Unarmed Combat
  6033 | Bailey   | Killed Prince Ribbit
  6245 | Bailey   | Noticed a vault guard
  6259 | Bailey   | Killed a vault guard
  6260 | Bailey   | Gained mutation: You regenerate magic rapidly. [demonic
                  | ancestry]
  6260 | Bailey   | Reached XP level 10. HP: 13/70 MP: 13/13
  6564 | D:$      | Got out of the dungeon alive.

Illustrated notes

Levels and vault maps discovered:
D:1:      saegor_arrival_simple_b, layout_basic
D:2:      layout_loops_ring, chequers_ecumenical_altar_grove,
          chequers_mini_garden, uniq_robin, uniq_terence
D:3:      layout_basic, nicolae_kikubaaqudgha_miasma_corner, ebering_ghost_gozag
D:4:      layout_basic, minmay_ogre_servants
D:5:      layout_rooms, mainiacjoe_overflow_surrounded_room, elyvilon_altar_5
D:6:      layout_layer_cave, minmay_temple_entry_fiery, nicolae_stop_n_shop_1,
          grunt_decor_fettered, corexii_shack
D:7:      layout_basic, marbit_many_paths, enter_bailey_6, serial_shops,
          nicolae_shop_tiny_statue_garden, grunt_decor_one_mirror,
          nicolae_titane, uniq_joseph
Temple:   regret_index_temple_generic_petals

Skill      XL: |  1  2  3  4  5  6  7  8  9 |
---------------+----------------------------+-----
Unarmed Combat | 3 4 5 6 7 9 11 12 | 12.5
Dodging        | 3 |  3.7
Invocations    | 4 |  4.5
Fighting       | 3 |  3.6
Spellcasting   | |  2.0
Transmutations | |  1.7

Action                     |  1- 3 |  4- 6 |  7- 9 | 10-12 || total
---------------------------+-------+-------+-------+-------++-------
  Melee: Unarmed           |    73 |    91 |   205 |    12 ||   381
         Kick              |    14 |     9 |    10 |       ||    33
         Headbutt          |     4 |     5 |     9 |       ||    18
         Punch             |     2 |     1 |    13 |       ||    16
   Fire: Sling             |       |    21 |    11 |       ||    32
   Cast: Beastly Appendage |    13 |     9 |     5 |       ||    27
  Evoke: Wand              |       |       |     2 |       ||     2
    Use: Potion            |     1 |     2 |     7 |     1 ||    11
         Scroll            |       |     5 |       |     1 ||     6
   Stab: Sleeping          |       |       |     1 |       ||     1
         Paralysed         |       |       |    10 |     1 ||    11
 Armour: Robe              |    12 |    26 |    43 |    10 ||    91
         Skin              |     1 |     7 |       |       ||     8
  Dodge: Dodged            |    41 |    57 |    95 |    20 ||   213
